 Dungeon Crawl Stone Soup version 0.27-a0-1191-g601b473118 (webtiles) character file.

Game seed: 16175291847324030935

163 flotson the Covert (level 5, -2/47 HPs)
             Began as a Gnoll Delver on May 23, 2021.
             Slain by Menkaure (8 damage)
             ... on level 4 of the Dungeon.
             The game lasted 00:05:12 (4224 turns).

flotson the Covert (Gnoll Delver)                   Turns: 4224, Time: 00:05:13

Health: -2/47      AC:  5    Str: 12    XL:     5   Next: 44%
Magic:  16/16      EV: 12    Int: 10    God:
Gold:   123        SH:  0    Dex: 13    Spells: 7/7 levels left

rFire    . . .     SeeInvis .   a - +0 spear
rCold    + . .     Faith    .   (no shield)
rNeg     . . .     Spirit   .   n - +0 ring mail
rPois    .         Reflect  .   (no helmet)
rElec    .         Harm     .   (no cloak)
rCorr    .         Rampage  .   (no gloves)
Will     .....                  (no boots)
Stlth    ++++......             (no amulet)
HPRegen  0.15/turn              p - ring of magical power
MPRegen  0.15/turn              v - ring of protection from cold

@: no status effects
A: fangs 1, strong nose, distributed training
a: no special abilities


You were on level 4 of the Dungeon.
You visited 1 branch of the dungeon, and saw 5 of its levels.

You collected 123 gold pieces.

Inventory:

Hand Weapons
 a - a +0 spear (weapon)
 b - a +0 hunting sling
Missiles
 h - 140 stones
 i - 42 sling bullets
 t - 7 poisoned darts (quivered)
Armour
 n - a +0 ring mail (worn)
Jewellery
 p - a ring of magical power (left hand)
 v - a ring of protection from cold (right hand)
Wands
 g - a wand of digging (3)
Scrolls
 c - 2 scrolls of fog
 d - 2 scrolls of magic mapping
 e - a scroll of fear
 f - 3 scrolls of identify {unknown}
 j - a scroll of noise {unknown}
 k - 3 scrolls of teleportation {unknown}
Potions
 l - a potion of degeneration {unknown}
 m - a potion of curing
 o - a potion of flight {unknown}
 q - 2 potions of cancellation
 r - a potion of berserk rage {unknown}
 s - a potion of might {unknown}
 u - a potion of attraction {unknown}


   Skills:
 + Level 6.7 Fighting
 + Level 1.5 Short Blades
 + Level 1.5 Long Blades
 + Level 1.5 Axes
 + Level 1.5 Maces & Flails
 + Level 4.8 Polearms
 + Level 1.5 Staves
 + Level 1.5 Slings
 + Level 1.5 Bows
 + Level 1.5 Crossbows
 + Level 1.5 Throwing
 + Level 1.5 Armour
 + Level 4.8 Dodging
 + Level 9.6 Stealth
 + Level 1.5 Shields
 + Level 1.5 Unarmed Combat
 + Level 1.5 Spellcasting
 + Level 1.2 Conjurations
 + Level 1.2 Hexes
 + Level 1.2 Summonings
 + Level 1.2 Necromancy
 + Level 1.2 Translocations
 + Level 1.2 Transmutations
 + Level 1.2 Fire Magic
 + Level 1.2 Ice Magic
 + Level 1.2 Air Magic
 + Level 1.2 Earth Magic
 + Level 1.2 Poison Magic
 + Level 1.7 Invocations
 + Level 1.5 Evocations


You had 7 spell levels left.
You didn't know any spells.
Your spell library was empty.

Dungeon Overview and Level Annotations

Branches:
Dungeon (5/15)
 Temple: D:4-7

Altars:
Fedhas
Nemelex Xobeh
Ru
Xom

Annotations:
D:4 Menkaure


Innate Abilities, Weirdness & Mutations

You have very sharp teeth.
Your uncanny sense of smell can sniff out nearby items.
Your experience applies equally to all skills.


Message History

Your body is wracked with pain!
* * * LOW HITPOINT WARNING * * *
Reach: a) +0 spear
Press: ? - help, Dir - move target, f/p - Menkaure
Aim: Menkaure (severely damaged, about 22% to evade your +0 spear)
You reach to attack!
You hit Menkaure.
Menkaure is severely damaged.
Menkaure mumbles some strange words.
Menkaure seems to speed up.
Reach: a) +0 spear
Press: ? - help, Dir - move target, f/p - Menkaure
Aim: Menkaure (severely damaged, fast, about 22% to evade your +0 spear)
You reach to attack!
You hit Menkaure.
Menkaure is almost destroyed.
Menkaure gestures at you while chanting.
Pain shoots through your body!
* * * LOW HITPOINT WARNING * * *
There is an open door here.
Reach: a) +0 spear
Press: ? - help, Dir - move target, f/p - Menkaure
Aim: Menkaure (almost destroyed, fast, about 22% to evade your +0 spear)
You reach to attack!
You hit Menkaure.
Menkaure is almost destroyed.
Menkaure gestures at you while chanting.
Pain shoots through your body!
* * * LOW HITPOINT WARNING * * *
It was a potion of cancellation.
You feel magically purged.
Okay, then.
Menkaure barely misses you.
It was a potion of curing.
You feel better.
Menkaure draws the symbol "Udjat" in the dust.
Menkaure hits you.
* * * LOW HITPOINT WARNING * * *
You barely miss Menkaure.
Menkaure is almost destroyed.
Menkaure closely misses you.
You barely miss Menkaure. You bite Menkaure, but do no damage.
Menkaure is almost destroyed.
Menkaure hits you!
You die...

### #.# #.# #.#
###### ####.#
#....# #.##.#
#....###....###
+....'.M@.....#
#....########†#
#....#
#.##########
#....#
#..........# ∆
#....#
############.#
#....#
#.......# #.#
#....#
#.#####.# #.#
#....# #.# #.#
#.# #.<..# #.#
#.# #.#


You could see Menkaure (fast).

Vanquished Creatures
  A bullfrog skeleton (D:3)
  A killer bee zombie (D:3)
  A gnoll (D:1)
  6 adders
  2 worms
  A dart slug (D:3)
  2 endoplasms (D:1)
  3 giant cockroaches
  5 goblins
  3 hobgoblins
  2 kobolds (D:3)
  5 quokkas
  6 ball pythons
  2 bats (D:1)
  3 frilled lizards (D:1)
  3 rats
  A bush (D:1)
47 creatures vanquished.

Vanquished Creatures (others)
  6 plants
6 creatures vanquished.

Grand Total: 53 creatures vanquished

Notes
Turn   | Place    | Note
-------+----------+-------------------------------------------
     0 | D:5      | Reached skill level 9 in Stealth
     0 | D:5      | flotson the Gnoll Delver began the quest for the Orb.
     0 | D:5      | Reached XP level 1. HP: 23/23 MP: 1/1
   257 | D:5      | Noticed an iguana
   374 | D:5      | Noticed an iguana
   674 | D:2      | Reached XP level 2. HP: 29/29 MP: 2/2
   939 | D:1      | Reached XP level 3. HP: 34/35 MP: 3/3
  1320 | D:1      | Reached skill level 1 in Invocations
  1525 | D:1      | Reached skill level 1 in Short Blades
  1525 | D:1      | Reached skill level 1 in Long Blades
  1525 | D:1      | Reached skill level 1 in Axes
  1525 | D:1      | Reached skill level 1 in Maces & Flails
  1525 | D:1      | Reached skill level 1 in Staves
  1525 | D:1      | Reached skill level 1 in Slings
  1525 | D:1      | Reached skill level 1 in Bows
  1525 | D:1      | Reached skill level 1 in Crossbows
  1525 | D:1      | Reached skill level 1 in Throwing
  1525 | D:1      | Reached skill level 1 in Armour
  1525 | D:1      | Reached skill level 1 in Shields
  1525 | D:1      | Reached skill level 1 in Unarmed Combat
  1525 | D:1      | Reached skill level 1 in Spellcasting
  1525 | D:1      | Reached skill level 1 in Evocations
  1649 | D:1      | Reached XP level 4. HP: 41/41 MP: 5/5
  2962 | D:3      | Reached skill level 1 in Conjurations
  2962 | D:3      | Reached skill level 1 in Hexes
  2962 | D:3      | Reached skill level 1 in Summonings
  2962 | D:3      | Reached skill level 1 in Necromancy
  2962 | D:3      | Reached skill level 1 in Translocations
  2962 | D:3      | Reached skill level 1 in Transmutations
  2962 | D:3      | Reached skill level 1 in Fire Magic
  2962 | D:3      | Reached skill level 1 in Ice Magic
  2962 | D:3      | Reached skill level 1 in Air Magic
  2962 | D:3      | Reached skill level 1 in Earth Magic
  2962 | D:3      | Reached skill level 1 in Poison Magic
  2991 | D:3      | Found a blossoming altar of Fedhas.
  3008 | D:3      | Reached XP level 5. HP: 28/47 MP: 6/6
  3350 | D:3      | Found a sacrificial altar of Ru.
  3350 | D:3      | Found a sparkling altar of Nemelex Xobeh.
  3734 | D:3      | Found a shimmering altar of Xom.
  4192 | D:4      | Noticed Menkaure
  4217 | D:4      | HP: 2/47 [Menkaure/nerve-wracking pain (4)]
  4224 | D:4      | Slain by Menkaure

Illustrated notes

Levels and vault maps discovered:
D:1:      minmay_arrival_pointy, layout_basic, serial_forest,
          infiniplex_forest_end_2, infiniplex_forest_clump_diagonal,
          infiniplex_forest_clump_medium, infiniplex_forest_lined_room_2,
          infiniplex_forest_side_room, infiniplex_forest_clump_double,
          infiniplex_forest_end_2
D:2:      layout_loops_ring, wad_floor_pattern_1
D:3:      layout_loops_ring, nicolae_overflow_hidden_temple,
          fedhas_ov_isle_minmay, gammafunk_temple_overflow_pools
D:4:      layout_basic, beargit_hepliaklqana_dungeon_heroes, lemuel_tele_altar,
          uniq_edmund, uniq_menkaure
D:5:      layout_basic

Skill      XL: |  1  2  3  4 |
---------------+-------------+-----
Stealth        | |  9.6
Invocations    | 1 |  1.7
Short Blades   | 1 |  1.5
Long Blades    | 1 |  1.5
Axes           | 1 |  1.5
Maces & Flails | 1 |  1.5
Staves         | 1 |  1.5
Slings         | 1 |  1.5
Bows           | 1 |  1.5
Crossbows      | 1 |  1.5
Throwing       | 1 |  1.5
Armour         | 1 |  1.5
Shields        | 1 |  1.5
Unarmed Combat | 1 |  1.5
Spellcasting   | 1 |  1.5
Evocations     | 1 |  1.5
Conjurations   | 1 |  1.2
Hexes          | 1 |  1.2
Summonings     | 1 |  1.2
Necromancy     | 1 |  1.2
Translocations | 1 |  1.2
Transmutations | 1 |  1.2
Fire Magic     | 1 |  1.2
Ice Magic      | 1 |  1.2
Air Magic      | 1 |  1.2
Earth Magic    | 1 |  1.2
Poison Magic   | 1 |  1.2
Fighting       | |  6.7
Polearms       | |  4.8
Dodging        | |  4.8

Action                   |  1- 3 |  4- 6 || total
-------------------------+-------+-------++-------
Melee: Spear             |   108 |   374 ||   482
       Bite              |     6 |    49 ||    55
       Punch             |       |     4 ||     4
 Fire: Hunting sling     |       |    13 ||    13
Throw: Stone             |     4 |       ||     4
  Use: Potion            |     1 |     2 ||     3
 Stab: Sleeping          |    11 |     7 ||    18
       Distracted        |     1 |     1 ||     2
Armor: Leather armour    |     5 |       ||     5
       Ring mail         |     3 |    24 ||    27
Dodge: Dodged            |    53 |    67 ||   120

Table legend: (Time is in decaauts)
 A = Elapsed time spent in this place.
 B = Non-inter-level travel time spent in this place.
 C = Inter-level travel time spent in this place.
 D = Time resting spent in this place.
 E = Time spent auto-exploring this place.
 F = Levels seen in this place.
 G = Mean time per level.
                   A        B        C        D        E       F      G
               +--------+--------+--------+--------+--------+-----+--------+
         Total |   4141 |   3963 |    178 |      0 |   3182 |   5 |  828.2 |
       Dungeon |   4141 |   3963 |    178 |      0 |   3182 |   5 |  828.2 |
               +--------+--------+--------+--------+--------+-----+--------+

Top non-repeatable levels by time:
     D:3: 1515 daAuts
     D:2: 1060 daAuts
     D:1: 1005 daAuts
     D:5: 413 daAuts
     D:4: 147 daAuts
